 Dungeon Crawl Stone Soup version 0.31-a0-1-g4198be8af4 (webtiles) character file.

Game seed: 11403587832793053331

126 NateTC the Trooper (level 4, 0/37 HPs)
             Began as a Demonspawn Fighter on May 1, 2023.
             Slain by a river rat (2 damage)
             ... summoned by Eustachio
             ... on level 4 of the Dungeon.
             The game lasted 00:03:12 (2948 turns).

NateTC the Trooper (Demonspawn Fighter)             Turns: 2948, Time: 00:03:12

Health: 0/37       AC:  7    Str: 18    XL:     4   Next: 84%
Magic:  4/4        EV:  9    Int: 10    God:
Gold:   129        SH:  4    Dex: 12    Spells: 3/3 levels left

rFire   . . .        a - +0 long sword
rCold   . . .        c - +0 buckler
rNeg    . . .        b - +0 scale mail
rPois   .            (no helmet)
rElec   .            (no cloak)
rCorr   .            (no gloves)
SInv    .            (no boots)
Will    .....        (no amulet) Stlth
                     (no ring)
HPRegen 0.26/turn    (no ring)
MPRegen 0.09/turn

%: no passive effects
@: mighty
A: ignite blood 1, sharp scales 1
a: no special abilities


You were on level 4 of the Dungeon.
You visited 1 branch of the dungeon, and saw 4 of its levels.

You collected 129 gold pieces.

Inventory:

Hand Weapons
 a - a +0 long sword (weapon)
Armour
 b - a +0 scale mail (worn)
 c - a +0 buckler (worn)
Jewellery
 e - a ring of willpower
 g - an amulet of regeneration
 i - a ring of wizardry
 l - a +6 ring of intelligence
 p - a ring of poison resistance
Wands
 m - a wand of digging (3)
 n - a wand of flame (4)
Scrolls
 h - 2 scrolls of teleportation
 o - a scroll of identify
 q - a scroll of amnesia {unknown}
Potions
 d - 2 potions of might
 f - a potion of resistance {unknown}
 j - a potion of flight
 k - a potion of experience {unknown}


   Skills:
 + Level 4.0 Fighting
 * Level 3.9 Long Blades
 - Level 2.6 Armour
 - Level 2.6 Shields


You had 3 spell levels left.
You didn't know any spells.
Your spell library was empty.

Dungeon Overview and Level Annotations

Branches:
Dungeon (4/15) Zot: 20995
 Temple: D:4-7

Altars:
Ashenzari
Nemelex Xobeh
Ru
Uskayaw
Xom

Annotations:
D:3 2 transporters
D:4 Eustachio


Innate Abilities, Weirdness & Mutations

Your demonic aura sometimes causes spilled blood to erupt in flames.
You are partially covered in razor-sharp scales. (AC +1, Slay +1)


Message History

The crimson imp blinks!
You block the river rat's attack.
Eustachio casts a spell.
Eustachio blinks!
You hit Eustachio but do no damage.
Eustachio is heavily wounded.
The river rat disappears in a puff of smoke!
The bat disappears in a puff of smoke!
The bat hits you but does no damage. Eustachio hits you with a +0 rapier.
The bat hits you but does no damage. You block the river rat's attack.
You hit Eustachio.
Eustachio is heavily wounded.
The bat hits you but does no damage. The bat closely misses you.
Eustachio screams, "This atrocity can only be purified with blood!"
Eustachio hits you with a +0 rapier. Eustachio closely misses you.
The iron imp hits you.
The river rat bites you but does no damage.
The crimson imp blinks!
You barely miss Eustachio.
Eustachio is heavily wounded.
The bat hits you but does no damage. The bat barely misses you.
Eustachio hits you with a +0 rapier. x2; The rat bites you.
The river rat bites you. The iron imp hits you!
* * * LOW HITPOINT WARNING * * *
Sorry, you're not good enough to have a special ability.
You feel very mighty all of a sudden. Eustachio hits you but does no damage.
The rat closely misses you.
The river rat bites you but does no damage.
The iron imp hits you.
* * * LOW HITPOINT WARNING * * *
The crimson imp blinks!
You block Eustachio's attack.
You hit Eustachio.
Eustachio is severely wounded.
You block the bat's attack. The bat closely misses you.
The bat hits you but does no damage.
Eustachio gestures wildly while chanting.
The rat closely misses you. The river rat barely misses you.
The iron imp closely misses you.
Eustachio casts a spell.
Eustachio blinks!
The river rat bites you.
You die...

.....#....)...#.......# #...+..
.....####+#####.......# #####..
..####.##.###....#'##### #......
..#.........#....#.....# #......
..#.........#....'.....# #......
..#.........#.5..#...).# #......
..#.........#.5..#.....# #......
..#.........#..5§#.....# #......
..###..####[#.br@###..#####......
'####..####.###.5r.#### #....####
..........#...#b...# #....#..#
..........#...'....# #....'..#
..........#...#..@.# #....#..#
..........#...#....# #....#..#
..###'##+####+#....######....#'##
..#........................###†.#
..'........................#....#


You could see Eustachio (fast), an iron imp (summoned, expiring), a quasit
(summoned), a crimson imp (summoned), a river rat (summoned), an ufetubus
(summoned), 2 bats and a rat (summoned).

Vanquished Creatures
  A hound (D:4)
  3 adders
  A worm (D:2)
  2 dart slugs
  6 orcs
  9 endoplasms
  3 giant cockroaches
  3 goblins
  3 hobgoblins
  3 quokkas
  9 ball pythons
  6 bats
  3 frilled lizards
  3 kobolds
  2 rats (D:1)
57 creatures vanquished.

Notes
Turn   | Place    | Note
-------+----------+-------------------------------------------
     0 | D:1      | NateTC the Demonspawn Fighter began the quest for the Orb.
     0 | D:1      | Reached XP level 1. HP: 18/18 MP: 1/1
   203 | D:1      | Gained mutation: Your demonic aura sometimes causes spilled
                  | blood to erupt in flames. [demonic ancestry]
   203 | D:1      | Reached XP level 2. HP: 17/24 MP: 2/2
   852 | D:2      | Found a faded altar of an unknown god.
  1113 | D:2      | Reached XP level 3. HP: 19/29 MP: 3/3
  1342 | D:2      | Found a broken altar of Ashenzari.
  1836 | D:3      | Found a hide-covered altar of Uskayaw.
  1878 | D:3      | Gained mutation: You are partially covered in razor-sharp
                  | scales. (AC +1, Slay +1) [demonic ancestry]
  1878 | D:3      | Reached XP level 4. HP: 29/37 MP: 4/4
  1959 | D:3      | Found a transporter.
  2010 | D:3      | Found a transporter.
  2752 | D:4      | Found a sparkling altar of Nemelex Xobeh.
  2753 | D:4      | Found a sacrificial altar of Ru.
  2818 | D:4      | Reached skill level 4 in Fighting
  2841 | D:4      | Found a shimmering altar of Xom.
  2937 | D:4      | Noticed Eustachio
  2948 | D:4      | Slain by a river rat

Illustrated notes

Levels and vault maps discovered:
D:1:      moated_graveyard_arrival, layout_basic, minmay_tiny_reverse_x
D:2:      minmay_recursive_quarters, layout_loops_cross, basic_altar,
          nicolae_ecumenical_pavilion, nicolae_underground_beach
D:3:      gammafunk_steamed_eel, layout_basic,
          nicolae_uskayaw_murder_on_the_dancefloor
D:4:      layout_gridville, mainiacjoe_overflow_surrounded_room,
          mainiacjoe_overflow_divided_tiny, gup_sewer_entry_bowl, uniq_eustachio

Skill      XL: |  1  2  3  4 |
---------------+-------------+-----
Long Blades    | 2 3 |  3.9
Fighting       | 4 |  4.0
Armour         | |  2.6
Shields        | |  2.6

Action                     |  1- 3 |  4- 6 || total
---------------------------+-------+-------++-------
  Melee: Long sword        |   133 |    65 ||   198
    Use: Scroll            |     6 |     1 ||     7
         Potion            |       |     1 ||     1
 Armour: Scale mail        |    83 |    37 ||   120
  Dodge: Dodged            |    80 |    27 ||   107
  Block: Buckler           |    33 |    13 ||    46

Table legend: (Time is in decaauts)
 A = Elapsed time spent in this place.
 B = Non-inter-level travel time spent in this place.
 C = Inter-level travel time spent in this place.
 D = Time resting spent in this place.
 E = Time spent auto-exploring this place.
 F = Levels seen in this place.
 G = Mean time per level.
                   A        B        C        D        E       F      G
               +--------+--------+--------+--------+--------+-----+--------+
         Total |   3003 |   2956 |     47 |     93 |   2320 |   4 |  750.8 |
       Dungeon |   3003 |   2956 |     47 |     93 |   2320 |   4 |  750.8 |
               +--------+--------+--------+--------+--------+-----+--------+

Top non-repeatable levels by time:
     D:2: 950 daAuts
     D:3: 852 daAuts
     D:1: 771 daAuts
     D:4: 429 daAuts
